 Dungeon Crawl Stone Soup version 0.28.0-53-g5a82cb258f (webtiles) character file.

Game seed: 5655590755766124189

57 Descartes the Conjurer (level 3, -4/20 HPs)
             Began as a Deep Elf Wanderer on May 26, 2022.
             Killed from afar by an orc wizard (8 damage)
             ... with a magic dart
             ... on level 2 of the Dungeon.
             The game lasted 00:05:31 (1428 turns).

Descartes the Conjurer (Deep Elf Wanderer)          Turns: 1428, Time: 00:05:32

Health: -4/20      AC:  2    Str: 11    XL:     3   Next: 73%
Magic:  3/8        EV: 12    Int: 18    God:
Gold:   41         SH:  0    Dex: 12    Spells: 4/6 levels left

rFire   . . .      SeeInvis .   a - +1 falchion
rCold   . . .      Faith    .   (no shield)
rNeg    . . .      Spirit   .   b - +0 robe
rPois   .          Reflect  .   (no helmet)
rElec   .          Harm     .   (no cloak)
rCorr   .          Rampage  .   (no gloves)
Will    .....                   (no boots)
Stlth   ++........              (no amulet)
HPRegen 0.06/turn               (no ring)
MPRegen 0.11/turn               (no ring)

@: no status effects
A: no striking features
a: no special abilities


You were on level 2 of the Dungeon.
You visited 1 branch of the dungeon, and saw 2 of its levels.

You collected 41 gold pieces.

Inventory:

Hand Weapons
 a - a +1 falchion (weapon)
Missiles
 e - 4 poisoned darts (quivered)
 f - 21 stones
Armour
 b - a +0 robe (worn)
Scrolls
 c - a scroll of acquirement {unknown}
Potions
 d - a potion of mutation {unknown}


   Skills:
 - Level 1.0 Fighting
 + Level 1.1(1.6) Short Blades
 + Level 1.5(1.7) Long Blades
 + Level 2.2 Dodging
 - Level 1.2 Stealth
 + Level 2.4 Spellcasting
 + Level 5.7 Conjurations
 + Level 1.0 Air Magic


You had 4 spell levels left.
You knew the following spells:

 Your Spells              Type           Power      Damage    Failure   Level
a - Magic Dart            Conj           88%        1d7       1%          1
b - Shock                 Conj/Air       56%        1d6       4%          1

Your spell library contained the following spells:

 Spells                   Type           Power      Damage    Failure   Level
 Dazzling Flash           Conj/Hex       24%        N/A       16%         3


Dungeon Overview and Level Annotations

Branches:
Dungeon (2/15)

Altars:


Message History

Press: ? - help, Shift-Dir - straight line, f/p - orc
Aim: an orc, wielding a +0 whip and wearing a +0 leather armour (heavily wounded, 68% to hit)
The zap hits the orc.
You kill the orc!
The zap hits something but does no damage.
The zap misses the orc.
Your Dodging skill increases to level 2!
You hear some strange, mumbled words.
Something tries to affect you, but you resist.
A puff of flame appears from out of thin air!
The puff of flame hits you!
A puff of flame appears from out of thin air!
The puff of flame hits you!
* * * LOW HITPOINT WARNING * * *
Casting: Shock (safe; 4% risk of failure)
Confirm with . or Enter, or press ? or * to list all spells.
Aiming: Magic Dart (safe; 1% risk of failure)
Press: ? - help, Shift-Dir - straight line, f - orc wizard
Aim: an orc wizard, wielding a +0 dagger and wearing a +0 robe (100% to hit)
The magic dart hits something but does no damage.
Casting: Magic Dart (safe; 1% risk of failure)
Confirm with . or Enter, or press ? or * to list all spells.
Aiming: Shock (safe; 4% risk of failure)
Press: ? - help, Shift-Dir - straight line, f - orc, p - orc wizard
Aim: an orc, wielding a +0 whip and wearing a +0 leather armour (heavily wounded, 68% to hit)
The zap hits something.
Reactivating autopickup.
You feel a bit more experienced.
The zap hits the orc wizard.
The orc wizard is lightly wounded.
The zap hits the orc.
The orc is almost dead.
Your Short Blades skill increases to level 1!
Your Air Magic skill increases to level 1!
The orc wizard points at you and mumbles some strange words.
You resist with some effort.
An orc comes into view. It is wielding a +0 whip.
Found a stone staircase leading down.
The orc wizard points at you and mumbles some strange words.
The magic dart hits you!
You die...

#..o........# .# #.#.♣
##...##...†..# .# #.#.♣ ###+#
#..#.##.####.##.### #...♣♣#....
##.#.##.####..#...# ##..♣÷#..8.
###.##.....#[.##.# #..♣♣#....
##.#o######.....#.#####...##♣'♣
#....o..#####.....#...##.[.....
#..##.##o.#####.........##..####
#.. #.###......@.........#..# #
.. #.# ######...........#..# # .
#.# #...........#..# # #.#
##........<##..# # o..
##...#.....#..#### ..
#######.#........ #.##.....##
#........# ####.....#


You could see an orc wizard.

Vanquished Creatures
  An orc wizard (D:2)
  2 dart slugs (D:1)
  An orc (D:2)
  2 ball pythons
  A bat (D:1)
  A giant cockroach (D:2)
  A goblin (D:1)
  4 hobgoblins (D:1)
  5 jackals (D:1)
  3 kobolds (D:1)
  A quokka (D:1)
  2 frilled lizards (D:2)
24 creatures vanquished.

Notes
Turn   | Place    | Note
-------+----------+-------------------------------------------
     0 | D:1      | Descartes the Deep Elf Wanderer began the quest for the
                  | Orb.
     0 | D:1      | Descartes set off with the following items: a +1 falchion,
                  | a +0 robe; and the following spells available to memorise:
                  | Magic Dart, Shock, Dazzling Flash
     0 | D:1      | Reached XP level 1. HP: 12/12 MP: 5/5
   521 | D:1      | Learned a level 1 spell: Magic Dart
   523 | D:1      | Learned a level 1 spell: Shock
   526 | D:1      | Reached XP level 2. HP: 16/16 MP: 3/6
  1283 | D:2      | Reached XP level 3. HP: 20/20 MP: 4/8
  1417 | D:2      | Reached skill level 1 in Short Blades
  1417 | D:2      | Reached skill level 1 in Air Magic
  1428 | D:2      | Killed from afar by an orc wizard

Illustrated notes

Levels and vault maps discovered:
D:1:      minmay_arrival_plants_in_alcoves, layout_basic
D:2:      minmay_inner_zag, layout_rooms, dilly_ecumenical_altar_fadedgnrine

Skill      XL: |  1  2  3 |
---------------+----------+-----
Spellcasting   | 2 |  2.4
Dodging        | 2 |  2.2
Short Blades   | 1 |  1.1
Air Magic      | 1 |  1.0
Fighting       | |  1.0
Long Blades    | |  1.5
Stealth        | |  1.2
Conjurations   | |  5.7

Action                   || total
-------------------------++-------
Melee: Falchion          ||    19
 Cast: Magic Dart        ||    31
       Shock             ||    10
Armor: Robe              ||    15
Dodge: Dodged            ||    30
